[ AOE2 MATCH · #507841080 ]
UnrankedArmenians vs Japanese
Player's team · LOSS
Rival team · WIN
[ REPLAY ANALYSIS · EXTRACTED FROM THE RECORDED GAME ]
Feudal
9:18
Castle
13:25
Imperial
—
| APM avg | 42.4 |
| APM peak | 78 |
| eAPM avg | 22.5 |
| Villagers / military | 62 / 33 |
Focus
⚔️ 41.8% · 🌾 58.2%
Monk ×21 · Battering Ram ×6 · Scorpion ×4 · Spearman ×2
Feudal
8:53
Castle
23:09
Imperial
—
| APM avg | 53.2 |
| APM peak | 105 |
| eAPM avg | 31.0 |
| Villagers / military | 85 / 64 |
Focus
⚔️ 41.5% · 🌾 58.5%
Samurai ×41 · Archer ×14 · Militia ×6 · Battering Ram ×3
Match map
Initial resources + every placement click. Lines = walls · curves = elevation contours. ◆ gold · ⬟ stone · ● berries · ✦ relic · ◌ wall gap
Your base· ✓ Closed at 13:25 · 19t walls · 3 gate(s)
RoR | Benanji's base· ✓ Closed at 23:09 · 1t walls · 4 gate(s)
Smoothed initial terrain · ◌ = detected wall gap · hover for details
Inputs per minute
— DS_Champi WarrioR - - RoR | Benanji
Build order — DS_Champi WarrioR
First 150 of 179 actions detected
| 0:01 | Queue | Villager (Male) |
| 0:01 | Queue | Villager (Male) |
| 0:01 | Queue | Villager (Male) |
| 0:01 | Queue | Villager (Male) |
| 0:02 | Queue | Villager (Male) |
| 0:03 | Build | House |
| 0:04 | Build | House |
| 1:26 | Queue | Villager (Male) |
| 1:26 | Queue | Villager (Male) |
| 1:51 | Build | Mule Cart |
| 2:03 | Queue | Villager (Male) |
| 2:03 | Queue | Villager (Male) |
| 2:20 | Queue | Villager (Male) |
| 2:20 | Queue | Villager (Male) |
| 2:20 | Queue | Villager (Male) |
| 2:54 | Queue | Villager (Male) |
| 3:09 | Queue | Villager (Male) |
| 3:31 | Queue | Villager (Male) |
| 3:31 | Queue | Villager (Male) |
| 4:03 | Build | House |
| 4:06 | Queue | Villager (Male) |
| 4:38 | Queue | Villager (Male) |
| 4:38 | Queue | Villager (Male) |
| 4:40 | Build | Mill |
| 4:59 | Queue | Villager (Male) |
| 5:17 | Queue | Villager (Male) |
| 5:17 | Queue | Villager (Male) |
| 5:49 | Queue | Villager (Male) |
| 5:57 | Build | House |
| 6:32 | Queue | Villager (Male) |
| 7:02 | Research | Feudal Age |
| 7:03 | Research | Feudal Age |
| 7:49 | Research | Loom |
| 8:12 | Queue | Villager (Male) |
| 9:18 | Age | Feudal Age |
| 9:22 | Build | Palisade Wall |
| 9:31 | Build | Market |
| 9:39 | Queue | Villager (Male) |
| 9:41 | Build | Palisade Wall |
| 9:52 | Build | Blacksmith |
| 10:13 | Build | Palisade Wall |
| 10:31 | Build | House |
| 10:33 | Build | Palisade Wall |
| 10:45 | Research | Castle Age |
| 10:45 | Research | Castle Age |
| 11:03 | Build | House |
| 11:37 | Build | Palisade Wall |
| 11:55 | Build | Palisade Wall |
| 12:00 | Build | Mule Cart |
| 12:11 | Research | Double-Bit Axe |
| 12:12 | Research | Double-Bit Axe |
| 12:55 | Build | Palisade Wall |
| 13:03 | Build | Palisade Wall |
| 13:07 | Build | Palisade Wall |
| 13:21 | Build | Palisade Wall |
| 13:25 | Age | Castle Age |
| 13:29 | Build | Palisade Wall |
| 13:30 | Build | Palisade Wall |
| 13:34 | Build | House |
| 13:39 | Queue | Villager (Male) |
| 13:42 | Build | Palisade Wall |
| 13:44 | Build | Monastery |
| 13:53 | Queue | Villager (Male) |
| 14:19 | Queue | Villager (Male) |
| 14:33 | Queue | Monk |
| 14:36 | Queue | Villager (Male) |
| 15:06 | Build | Monastery |
| 15:49 | Queue | Monk |
| 16:27 | Queue | Monk |
| 16:29 | Queue | Monk |
| 17:08 | Queue | Monk |
| 17:09 | Build | House |
| 17:56 | Queue | Monk |
| 17:56 | Queue | Monk |
| 18:18 | Queue | Villager (Male) |
| 18:34 | Build | Farm |
| 18:37 | Build | Farm |
| 18:38 | Research | Sanctity |
| 18:47 | Queue | Villager (Male) |
| 18:47 | Queue | Villager (Male) |
| 18:48 | Build | House |
| 18:58 | Build | Market |
| 19:01 | Build | Farm |
| 19:18 | Build | House |
| 19:22 | Build | Palisade Wall |
| 19:33 | Queue | Villager (Male) |
| 19:33 | Queue | Villager (Male) |
| 19:37 | Build | Farm |
| 19:39 | Build | Farm |
| 19:45 | Queue | Monk |
| 19:49 | Build | House |
| 20:02 | Build | Farm |
| 20:02 | Build | Farm |
| 20:04 | Build | Farm |
| 20:06 | Queue | Villager (Male) |
| 20:06 | Queue | Villager (Male) |
| 20:15 | Queue | Monk |
| 20:28 | Research | Gold Mining |
| 20:28 | Research | Gold Mining |
| 20:29 | Research | Gold Mining |
| 20:32 | Queue | Villager (Male) |
| 20:42 | Build | House |
| 20:47 | Build | House |
| 20:56 | Queue | Villager (Male) |
| 20:57 | Queue | Villager (Male) |
| 21:19 | Build | Siege Workshop |
| 21:23 | Queue | Villager (Male) |
| 21:23 | Queue | Villager (Male) |
| 21:39 | Queue | Villager (Male) |
| 21:40 | Queue | Villager (Male) |
| 22:00 | Queue | Battering Ram |
| 22:06 | Build | Barracks |
| 22:07 | Queue | Villager (Male) |
| 22:07 | Queue | Villager (Male) |
| 22:29 | Queue | Scorpion |
| 22:30 | Queue | Villager (Male) |
| 22:30 | Queue | Villager (Male) |
| 22:48 | Queue | Spearman |
| 22:53 | Queue | Villager (Male) |
| 22:59 | Research | Bow Saw |
| 22:59 | Research | Bow Saw |
| 23:09 | Queue | Villager (Male) |
| 23:10 | Queue | Villager (Male) |
| 23:10 | Queue | Villager (Male) |
| 23:10 | Queue | Villager (Male) |
| 23:21 | Build | Mule Cart |
| 24:09 | Build | Monastery |
| 24:12 | Queue | Spearman |
| 24:16 | Queue | Scorpion |
| 24:21 | Queue | Villager (Male) |
| 24:25 | Build | Farm |
| 24:27 | Build | Farm |
| 24:37 | Queue | Villager (Male) |
| 24:47 | Queue | Scorpion |
| 24:54 | Queue | Villager (Male) |
| 24:59 | Research | Fervor |
| 24:59 | Research | Fervor |
| 25:03 | Queue | Villager (Male) |
| 25:09 | Build | Farm |
| 25:21 | Build | Mule Cart |
| 25:40 | Queue | Villager (Male) |
| 25:43 | Build | House |
| 25:44 | Build | House |
| 26:01 | Research | Wheelbarrow |
| 26:01 | Research | Wheelbarrow |
| 26:13 | Build | Monastery |
| 26:26 | Build | Monastery |
| 26:29 | Build | Outpost |
| 26:30 | Queue | Villager (Male) |
| 26:40 | Research | Redemption |
Build order — RoR | Benanji
First 150 of 244 actions detected
| 0:00 | Queue | Villager (Male) |
| 0:01 | Queue | Villager (Male) |
| 0:02 | Build | House |
| 0:02 | Queue | Villager (Male) |
| 0:02 | Queue | Villager (Male) |
| 0:04 | Build | House |
| 1:23 | Queue | Villager (Male) |
| 1:24 | Queue | Villager (Male) |
| 1:49 | Build | Lumber Camp |
| 2:04 | Queue | Villager (Male) |
| 2:04 | Queue | Villager (Male) |
| 2:21 | Queue | Villager (Male) |
| 2:22 | Queue | Villager (Male) |
| 2:47 | Queue | Villager (Male) |
| 2:47 | Queue | Villager (Male) |
| 2:57 | Build | House |
| 2:58 | Build | House |
| 3:18 | Queue | Villager (Male) |
| 3:18 | Queue | Villager (Male) |
| 3:28 | Queue | Villager (Male) |
| 4:07 | Queue | Villager (Male) |
| 4:23 | Queue | Villager (Male) |
| 4:24 | Queue | Villager (Male) |
| 4:53 | Queue | Villager (Male) |
| 4:53 | Queue | Villager (Male) |
| 4:53 | Queue | Villager (Male) |
| 5:02 | Build | Barracks |
| 5:13 | Queue | Villager (Male) |
| 5:13 | Research | Loom |
| 6:16 | Build | Mining Camp |
| 6:38 | Queue | Militia |
| 6:43 | Research | Feudal Age |
| 6:43 | Research | Feudal Age |
| 6:52 | Queue | Militia |
| 6:52 | Queue | Militia |
| 7:19 | Build | Mill |
| 7:23 | Queue | Militia |
| 7:23 | Queue | Militia |
| 7:51 | Queue | Villager (Male) |
| 7:52 | Queue | Militia |
| 8:13 | Build | House |
| 8:53 | Age | Feudal Age |
| 8:54 | Build | Archery Range |
| 8:55 | Research | Man-at-Arms (upgrade) |
| 9:08 | Queue | Villager (Male) |
| 9:26 | Research | Arson |
| 9:26 | Research | Arson |
| 9:39 | Build | Watch Tower |
| 9:46 | Queue | Villager (Male) |
| 9:46 | Queue | Villager (Male) |
| 9:48 | Build | Farm |
| 9:52 | Build | Mining Camp |
| 9:58 | Queue | Archer |
| 10:10 | Queue | Villager (Male) |
| 10:10 | Queue | Villager (Male) |
| 10:31 | Build | House |
| 10:42 | Queue | Villager (Male) |
| 10:42 | Queue | Villager (Male) |
| 10:47 | Queue | Archer |
| 11:08 | Build | Farm |
| 11:09 | Queue | Villager (Male) |
| 11:09 | Queue | Villager (Male) |
| 11:12 | Build | Farm |
| 11:50 | Build | Watch Tower |
| 11:51 | Queue | Villager (Male) |
| 11:54 | Queue | Archer |
| 12:04 | Queue | Archer |
| 12:15 | Queue | Villager (Male) |
| 12:18 | Build | Farm |
| 12:24 | Build | House |
| 12:26 | Queue | Villager (Male) |
| 12:34 | Queue | Archer |
| 13:08 | Build | Farm |
| 13:08 | Queue | Villager (Male) |
| 13:39 | Build | Watch Tower |
| 13:40 | Queue | Villager (Male) |
| 13:44 | Queue | Archer |
| 13:52 | Build | House |
| 13:55 | Queue | Villager (Male) |
| 14:15 | Queue | Villager (Male) |
| 14:23 | Queue | Archer |
| 14:25 | Queue | Villager (Male) |
| 14:27 | Build | Watch Tower |
| 14:29 | Build | Watch Tower |
| 14:34 | Build | Farm |
| 14:36 | Build | House |
| 14:38 | Build | Farm |
| 14:40 | Queue | Villager (Male) |
| 15:04 | Queue | Villager (Male) |
| 15:13 | Queue | Archer |
| 15:15 | Queue | Villager (Male) |
| 15:28 | Queue | Archer |
| 15:29 | Queue | Villager (Male) |
| 15:31 | Build | Blacksmith |
| 15:51 | Queue | Villager (Male) |
| 16:10 | Queue | Villager (Male) |
| 16:26 | Queue | Archer |
| 16:27 | Queue | Villager (Male) |
| 16:36 | Queue | Villager (Male) |
| 16:37 | Build | Farm |
| 16:38 | Build | Farm |
| 17:12 | Research | Fletching |
| 17:43 | Queue | Archer |
| 17:43 | Queue | Archer |
| 17:46 | Queue | Villager (Male) |
| 17:52 | Build | Watch Tower |
| 17:53 | Queue | Villager (Male) |
| 17:57 | Queue | Archer |
| 17:58 | Queue | Villager (Male) |
| 17:58 | Queue | Villager (Male) |
| 18:12 | Build | Stone Wall |
| 18:29 | Build | Market |
| 18:32 | Build | Farm |
| 18:34 | Build | Farm |
| 18:44 | Build | Watch Tower |
| 18:47 | Queue | Archer |
| 18:49 | Queue | Villager (Male) |
| 18:56 | Build | Mining Camp |
| 19:07 | Build | Farm |
| 19:10 | Build | Farm |
| 19:11 | Build | Farm |
| 19:29 | Build | Farm |
| 19:39 | Build | Farm |
| 19:59 | Build | House |
| 20:17 | Build | Farm |
| 20:29 | Research | Castle Age |
| 20:35 | Build | Farm |
| 20:55 | Research | Double-Bit Axe |
| 20:55 | Research | Double-Bit Axe |
| 21:10 | Build | Farm |
| 21:17 | Research | Horse Collar |
| 22:05 | Research | Gold Mining |
| 22:09 | Build | Lumber Camp |
| 22:41 | Build | Lumber Camp |
| 22:58 | Queue | Villager (Male) |
| 22:59 | Queue | Villager (Male) |
| 23:09 | Age | Castle Age |
| 23:10 | Build | Castle |
| 23:20 | Research | Scale Mail Armor |
| 23:26 | Build | Siege Workshop |
| 23:28 | Queue | Villager (Male) |
| 23:29 | Research | Bow Saw |
| 24:05 | Queue | Samurai |
| 24:05 | Queue | Samurai |
| 24:06 | Queue | Samurai |
| 24:12 | Queue | Battering Ram |
| 24:14 | Queue | Battering Ram |
| 24:31 | Build | Farm |
| 24:32 | Build | Farm |
| 24:33 | Queue | Villager (Male) |
Match timeline
| 5:02 | RoR | Benanji · first_building Barracks |
| 8:53 | RoR | Benanji · age_up feudal |
| 8:54 | RoR | Benanji · first_building Archery Range |
| 9:18 | DS_Champi WarrioR · age_up feudal |
| 9:22 | DS_Champi WarrioR · wall_segment Palisade Wall x2 |
| 9:41 | DS_Champi WarrioR · wall_segment Palisade Wall x1 |
| 10:13 | DS_Champi WarrioR · wall_segment Palisade Wall x2 |
| 10:25 | DS_Champi WarrioR · first_market_sell 100 stone |
| 10:33 | DS_Champi WarrioR · wall_segment Palisade Wall x1 |
| 11:37 | DS_Champi WarrioR · wall_segment Palisade Wall x2 |
| 11:55 | DS_Champi WarrioR · wall_segment Palisade Wall x6 |
| 12:55 | DS_Champi WarrioR · wall_segment Palisade Wall x2 |
| 13:03 | DS_Champi WarrioR · wall_segment Palisade Wall x1 |
| 13:07 | DS_Champi WarrioR · wall_segment Palisade Wall x2 |
| 13:21 | DS_Champi WarrioR · wall_segment Palisade Wall x1 |
| 13:25 | DS_Champi WarrioR · age_up castle |
| 13:29 | DS_Champi WarrioR · wall_segment Palisade Wall x1 |
| 13:30 | DS_Champi WarrioR · wall_segment Palisade Wall x1 |
| 13:42 | DS_Champi WarrioR · wall_segment Palisade Wall x1 |
| 13:44 | DS_Champi WarrioR · first_building Monastery |
| 18:12 | RoR | Benanji · wall_segment Stone Wall x1 |
| 19:22 | DS_Champi WarrioR · wall_segment Palisade Wall x9 |
| 20:14 | RoR | Benanji · first_market_buy 100 food |
| 20:27 | DS_Champi WarrioR · first_market_buy 100 food |
| 21:19 | DS_Champi WarrioR · first_building Siege Workshop |
| 22:06 | DS_Champi WarrioR · first_building Barracks |
| 23:09 | RoR | Benanji · age_up castle |
| 23:10 | RoR | Benanji · first_building Castle |
| 23:26 | RoR | Benanji · first_building Siege Workshop |
| 31:32 | DS_Champi WarrioR · resign |
[ AI ANALYSIS · 1 CREDIT ]
What really happened in this match?
Wolo.gg analyzes every decision: build order, eco, micro, common mistakes by bracket. Personalized analysis on WhatsApp or Discord in 30 seconds.
Civ guide
Armenians
Perfil
Jugador #4358030